 Dungeon Crawl Stone Soup version 0.20.1-1-g8b1a95d (webtiles) character file.

65 slep the Skirmisher (level 4, -1/40 HPs)
             Began as a Hill Orc Abyssal Knight on Oct 27, 2017.
             Was a Follower of Lugonu.
             Slain by an adder (5 damage)
             ... on level 2 of the Dungeon.
             The game lasted 00:04:57 (1074 turns).

slep the Skirmisher (Hill Orc Abyssal Knight)       Turns: 1074, Time: 00:04:58

Health: -1/40      AC:  3    Str: 14    XL:     4   Next: 14%
Magic:  5/5        EV: 11    Int: 12    God:    Lugonu [*.....]
Gold:   143        SH:  0    Dex: 11    Spells: 3/3 levels left

rFire    . . .     SeeInvis .   a - +1 falchion
rCold    . . .     Gourm    .   (no shield)
rNeg     . . .     Faith    .   b - +0 leather armour
rPois    .         Spirit   .   (no helmet)
rElec    .         Reflect  .   (no cloak)
rCorr    .         Harm     .   (no gloves)
MR       .....                  (no boots)
Stlth    +.........             (no amulet)
Regen    0.2/turn               (no ring)
MPRegen  0.1/turn               (no ring)

@: no status effects
A: no striking features
a: Depart the Abyss, Renounce Religion


You were on level 2 of the Dungeon.
You worshipped Lugonu.
Lugonu was aware of your devotion.
You were not hungry.

You visited 1 branch of the dungeon, and saw 2 of its levels.
You visited the Abyss 1 time.

You collected 143 gold pieces.

Inventory:

Hand Weapons
 a - a +1 falchion (weapon)
 d - a +1 flail of protection
 i - a +2 hand axe of chopping
Armour
 b - a +0 leather armour (worn)
Scrolls
 e - a scroll of remove curse {unknown}
 f - 2 scrolls of enchant armour {unknown}
 g - a scroll of immolation {unknown}
 h - 3 scrolls of magic mapping {unknown}
 j - a scroll of identify {unknown}
Potions
 l - a potion of lignification {unknown}
Comestibles
 c - a bread ration
 k - a chunk of flesh


   Skills:
 + Level 4.2 Fighting
 + Level 3.2 Long Blades
 + Level 3.1 Armour
 + Level 1.1 Dodging
 + Level 2.5 Invocations


You had 3 spell levels left.
You didn't know any spells.

Dungeon Overview and Level Annotations

Branches:
Dungeon (2/15)

Altars:


Message History

You now have 143 gold pieces (gained 6).
An adder comes into view.
The adder hisses angrily.
You closely miss the adder. The adder bites you.
* * * LOW HITPOINT WARNING * * *
You miss the adder.
The adder barely misses you. x2; You riposte.
You closely miss the adder. You slash the adder!
The adder is severely wounded.
The adder closely misses you.
You riposte.
You hit the adder.
The adder is almost dead.
Your leather armour prevents you from hitting the adder.
The adder is almost dead.
The adder bites you.
* * * LOW HITPOINT WARNING * * *
The adder bites you but does no damage.
You hit the adder but do no damage.
The adder is almost dead.
The adder bites you.
You die...

######)#.##.###(#
#......#........#
.#.####.#..#.#####
.#.######..#...#
.#.##...#..#<#.#
##.##.#.#..#.#.#
....#.#.#..#.#.###
##.##.#....#.....#
........>..)...#@#
#####.#.#####..#S#
# #.#.#......#.# #
#.#.#.###..#.# #
#.#.#......#.# #
#+#+########.# #
...S....# #
...###### .


You could see an adder.

Vanquished Creatures
  Terence (D:2)
  An adder (D:2)
  2 dart slugs
  A bat (D:1)
  4 giant cockroaches
  3 hobgoblins
  2 kobolds (D:1)
  A ball python (D:1)
  A frilled lizard (D:1)
  6 goblins
  5 rats
27 creatures vanquished.

Notes
Turn   | Place    | Note
-------+----------+-------------------------------------------
     0 | Abyss:1  | slep the Hill Orc Abyssal Knight began the quest for the Orb.
     0 | Abyss:1  | Reached XP level 1. HP: 19/19 MP: 2/2
    48 | Abyss:1  | Noticed a small abomination
    90 | Abyss:2  | Noticed an ancient zyme
   105 | Abyss:2  | Noticed a small abomination
   117 | Abyss:2  | Noticed a raiju
   118 | D:1      | Escaped the Abyss
   160 | D:1      | Reached * piety under Lugonu
   206 | D:1      | Reached XP level 2. HP: 19/27 MP: 3/3
   262 | D:1      | Reached skill level 4 in Fighting
   946 | D:2      | Noticed Terence
   947 | D:2      | Reached XP level 3. HP: 33/33 MP: 4/4
   970 | D:2      | Killed Terence
   970 | D:2      | Reached skill level 1 in Dodging
  1019 | D:2      | Reached XP level 4. HP: 8/40 MP: 5/5
  1074 | D:2      | Slain by an adder

Skill      XL: |  1  2  3 |
---------------+----------+-----
Fighting       | 4 |  4.2
Long Blades    | 3 |  3.2
Armour         | 3 |  3.1
Dodging        | 1 |  1.1
Invocations    | |  2.5

Action                   |  1- 3 |  4- 6 || total
-------------------------+-------+-------++-------
Melee: Falchion          |    77 |     9 ||    86
Invok: Depart the Abyss  |     1 |       ||     1
  Use: Potion            |     3 |       ||     3
  Eat: Chunk             |       |     1 ||     1
Armor: Leather armour    |    18 |     4 ||    22
Dodge: Dodged            |    50 |     4 ||    54
       Rpst.: Falchion   |    18 |     3 ||    21
